 Dungeon Crawl Stone Soup version 0.30-a0-959-g3818848631 (webtiles) character file.

Game seed: 1049225868125588110

780 Jane2 the Ducker (level 7, -7/73 HPs)
             Began as an Octopode Fighter on Mar 30, 2023.
             Mangled by a gnoll
             ... wielding a +0 spear
             ... led by a gnoll bouda
              (9 damage)
             ... on level 5 of the Dungeon.
             The game lasted 00:19:58 (4027 turns).

Jane2 the Ducker (Octopode Fighter)                 Turns: 4027, Time: 00:19:59

Health: -7/73      AC:  1    Str: 15    XL:     7   Next: 85%
Magic:  7/7        EV: 14    Int:  9    God:
Gold:   172        SH:  6    Dex: 13    Spells: 6/6 levels left

rFire   . . .      SeeInvis +    f - +2 dagger (flame)
rCold   . . .      Faith    +    b - +1 buckler
rNeg    . . .      Spirit   .    (helmet restricted)
rPois   +          Reflect  .    h - amulet of faith
rElec   .          Rampage  .    e - ring of poison resistance
rCorr   .          Rage     3%   j - ring of flight
Will    .....                    m - ring of see invisible Stlth
                                 (no ring)
HPRegen 0.32/turn                (no ring)
MPRegen 0.10/turn                (no ring)
                                 (no ring)
                                 (no ring)

@: berserking, flying, very quick
A: almost no armour, amphibious, 8 rings, camouflage 1, gelatinous body 1,
(nimble swimmer 1), tentacles, berserk 1, dopey 1
a: no special abilities


You were on level 5 of the Dungeon.
You visited 1 branch of the dungeon, and saw 5 of its levels.

You collected 172 gold pieces.

Inventory:

Hand Weapons
 a - a +0 rapier
 f - a +2 dagger of flaming (weapon)
Armour
 b - a +1 buckler (worn)
Jewellery
 e - a ring of poison resistance (left tentacle)
 h - an amulet of faith (around mantle)
 j - a ring of flight (right tentacle)
 m - a ring of see invisible (on tentacle)
Scrolls
 d - a scroll of amnesia
 k - a scroll of poison {unknown}
 l - a scroll of acquirement {unknown}
 n - a scroll of fog {unknown}
 p - a scroll of blinking {unknown}
Potions
 c - a potion of might
 g - a potion of ambrosia {unknown}
 o - a potion of haste


   Skills:
 + Level 4.5 Fighting
 + Level 4.0 Short Blades
 + Level 5.4 Dodging
 + Level 4.8 Stealth
 + Level 4.6 Shields


You had 6 spell levels left.
You didn't know any spells.
Your spell library contained the following spells:

 Spells                   Type           Power      Damage    Failure   Level
 Magic Dart               Conj           0%         1d3       45%         1
 Ensorcelled Hibernation  Hex/Ice        0%         N/A       61%         2
 Passwall                 Tmut/Erth      0%         N/A       61%         2
 Searing Ray              Conj           0%         2d4       61%         2
 Swiftness                Air            0%         N/A       83%         3
 Fulminant Prism          Conj/Hex       0%         3d5       99%         4


Dungeon Overview and Level Annotations

Branches:
Dungeon (5/15)
 Temple: D:4-7

Altars:
Ashenzari
Elyvilon
Fedhas
Okawaru
Sif Muna
Trog
Uskayaw
Vehumet
Zin
The Shining One


Innate Abilities, Weirdness & Mutations

You cannot wear most types of armour.
You are amphibious.
You can wear up to eight rings at the same time.
Your skin changes colour to match your surroundings (Stealth+).
Your rubbery body absorbs attacks. (AC +1, EV +1)
((You are camouflaged when in or above water. (Stealth+)))
You have tentacles for arms and can constrict up to eight enemies at once.
You sometimes lose your temper in combat.
You are dopey. (Int -2)


Message History

The gnoll hits you from afar with a +0 spear.
The gnoll hits you from afar with a +0 spear.
The gnoll bouda prays to its god.
The gnoll bouda is healed somewhat.
You block the gnoll's attack.
Things that are here:
a +0 spear; a gnoll corpse You hit the gnoll.
You burn the gnoll. You grab the gnoll.
The gnoll is lightly wounded.
You constrict the gnoll.
The gnoll hits you from afar with a +0 spear.
The gnoll bouda hits you with a +0 whip!
The gnoll barely misses you.
You barely miss the gnoll.
The gnoll is moderately wounded.
You constrict the gnoll.
The gnoll is no longer moving quickly.
The gnoll hits you from afar with a +0 spear!
* * * LOW HITPOINT WARNING * * *
The gnoll bouda closely misses you.
You completely miss the gnoll. You squeeze the gnoll.
You kill the gnoll!
The gnoll completely misses you.
The gnoll hits you from afar with a +0 spear!
* * * LOW HITPOINT WARNING * * *
Things that are here:
a +0 spear; a gnoll corpse A red film seems to cover your vision as you go berserk!
You feel yourself moving faster!
You feel mighty!
The gnoll bouda hits you with a +0 whip!
* * * LOW HITPOINT WARNING * * *
The gnoll closely misses you.
You hit the gnoll bouda. You burn the gnoll bouda. You grab the gnoll bouda.
The gnoll bouda is severely wounded.
You constrict the gnoll bouda, but do no damage.
The gnoll is no longer moving quickly.
You block the gnoll bouda's attack.
You hit the gnoll bouda. You burn the gnoll bouda.
The gnoll bouda is almost dead.
You constrict the gnoll bouda.
You kill the gnoll bouda!
The gnoll hits you from afar with a +0 spear!
You die...

.........#. .. .)....##....##
......#..#........##....#......##
..#.##..........#.###........[..#
....# ..........#...##.........##
.... ..............#........###
.. . .......................###
.. ..........g..............# ...
.....................##...##
..###..........)@........#.....#
#...#.........................[#
#......................#...##.##
...###...........##..###...#.##
#...##................###.....#
.....#...#...#.........#####..#
........##...#.........# #.##
.............#.........# ###
#.....##.......=......##


You could see a gnoll.

Vanquished Creatures
  A black bear (D:5)
  A phantom (D:4)
  A scorpion (D:4)
  3 hounds
  5 orc priests
  2 gnoll boudas
  2 jellies
  2 orc wizards
  7 gnolls
  4 adders
  A dart slug (D:3)
  11 orcs
  An endoplasm (D:3)
  3 giant cockroaches
  5 goblins
  7 hobgoblins
  8 jackals (D:3)
  2 quokkas
  3 ball pythons
  2 bats
  4 frilled lizards
  6 kobolds
  2 rats
83 creatures vanquished.

Vanquished Creatures (others)
  A plant (D:4)
1 creature vanquished.

Grand Total: 84 creatures vanquished

Notes
Turn   | Place    | Note
-------+----------+-------------------------------------------
     0 | D:1      | Jane2 the Octopode Fighter began the quest for the Orb.
     0 | D:1      | Reached XP level 1. HP: 16/16 MP: 1/1
   117 | D:1      | Reached XP level 2. HP: 10/21 MP: 2/2
   574 | D:1      | Gained mutation: You are dopey. (Int -2) [potion of
                  | mutation]
   574 | D:1      | Gained mutation: You sometimes lose your temper in combat.
                  | [potion of mutation]
  1594 | D:2      | Reached XP level 3. HP: 26/26 MP: 3/3
  1654 | D:2      | Reached XP level 4. HP: 26/31 MP: 4/4
  1807 | D:3      | Reached skill level 1 in Stealth
  1834 | D:3      | Reached XP level 5. HP: 18/37 MP: 5/5
  1982 | D:3      | Reached skill level 4 in Dodging
  2336 | D:3      | Reached XP level 6. HP: 22/43 MP: 6/6
  2740 | D:4      | Found a shimmering blue altar of Sif Muna.
  2937 | D:4      | Reached XP level 7. HP: 48/48 MP: 7/7
  3061 | D:4      | Found a glowing silver altar of Zin.
  3064 | D:4      | Found a glowing golden altar of the Shining One.
  3064 | D:4      | Found a white marble altar of Elyvilon.
  3193 | D:4      | Found a bloodstained altar of Trog.
  3274 | D:4      | Found a radiant altar of Vehumet.
  3274 | D:4      | Found a hide-covered altar of Uskayaw.
  3275 | D:4      | Found a blossoming altar of Fedhas.
  3276 | D:4      | Found an iron altar of Okawaru.
  3286 | D:4      | Found a broken altar of Ashenzari.
  3469 | D:5      | Entered Level 5 of the Dungeon
  3559 | D:5      | Reached skill level 5 in Dodging
  4025 | D:5      | HP: 1/73 [gnoll bouda/+0 whip (10)]
  4027 | D:5      | Mangled by a gnoll

Illustrated notes

Levels and vault maps discovered:
D:1:      mrwooster_arrival_statue_2, layout_basic
D:2:      layout_basic, shapermc_ecumenical_altar_mp_vishouse
D:3:      layout_rooms
D:4:      layout_cave_pools, good_gods_temple_1, nicolae_sif_muna_condensation,
          minitemple, serial_bayou_lagoon_b
D:5:      layout_cave_pools, minmay_temple_entry_fiery, hellmonk_no_cap

Skill      XL: |  1  2  3  4  5  6  7 |
---------------+----------------------+-----
Stealth        | 1 2 3 4 |  4.8
Dodging        | 4 5 |  5.4
Fighting       | 4 |  4.5
Short Blades   | 3 4 |  4.0
Shields        | 4 |  4.6

Action                     |  1- 3 |  4- 6 |  7- 9 || total
---------------------------+-------+-------+-------++-------
  Melee: Rapier            |    33 |       |       ||    33
         Constrict         |    12 |    29 |    18 ||    59
         Tentacles         |     6 |    20 |    11 ||    37
         Dagger            |       |   108 |    61 ||   169
         Punch             |       |     3 |       ||     3
    Use: Potion            |     6 |     4 |     1 ||    11
         Scroll            |     2 |     2 |       ||     4
   Stab: Sleeping          |     1 |     4 |     1 ||     6
         Distracted        |       |     1 |       ||     1
 Armour: Skin              |     4 |     6 |     2 ||    12
  Dodge: Dodged            |    25 |    62 |    30 ||   117
  Block: Buckler           |     5 |    30 |    20 ||    55

Table legend: (Time is in decaauts)
 A = Elapsed time spent in this place.
 B = Non-inter-level travel time spent in this place.
 C = Inter-level travel time spent in this place.
 D = Time resting spent in this place.
 E = Time spent auto-exploring this place.
 F = Levels seen in this place.
 G = Mean time per level.
                   A        B        C        D        E       F      G
               +--------+--------+--------+--------+--------+-----+--------+
         Total |   4068 |   3129 |    939 |   1777 |    750 |   5 |  813.6 |
       Dungeon |   4068 |   3129 |    939 |   1777 |    750 |   5 |  813.6 |
               +--------+--------+--------+--------+--------+-----+--------+

Top non-repeatable levels by time:
     D:1: 1597 daAuts
     D:4: 1299 daAuts
     D:3: 656 daAuts
     D:5: 361 daAuts
     D:2: 155 daAuts
